 Dungeon Crawl Stone Soup version 0.30-a0-371-gad7725a93e (webtiles) character file.

Game seed: 14123563690261986601

522 sanka the Spear-Bearer (level 7, -4/52 HPs)
             Began as a Minotaur Hexslinger on Nov 22, 2022.
             Was a Follower of Okawaru.
             Slain by an ice beast (13 damage)
             ... on level 7 of the Dungeon.
             The game lasted 00:04:13 (2607 turns).

sanka the Spear-Bearer (Minotaur Hexslinger)        Turns: 2607, Time: 00:04:14

Health: -4/52      AC:  3    Str: 16    XL:     7   Next: 2%
Magic:  7/7        EV: 12    Int: 20    God:    Okawaru [*.....]
Gold:   176        SH:  0    Dex:  9    Spells: 7/8 levels left

rFire   + . .      SeeInvis .    s - +8 spear of Anguish {speed, Int+2 Stlth+}
rCold   . . .      Faith    .    (no shield)
rNeg    . . .      Spirit   .    u - +1 robe of Masochism {rCorr Int+2 Dex-2 Slay+5}
rPois   .          Reflect  .    (helmet restricted)
rElec   .          Harm     .    (no cloak)
rCorr   +          Rampage  .    (no gloves)
Will    .....                    (no boots)
Stlth   ++........               n - amulet of regeneration
HPRegen 1.08/turn                z - ring of protection from fire
MPRegen 0.10/turn                e - +6 ring of intelligence

@: no status effects
A: horns 2, retaliatory headbutt
a: Renounce Religion, Heroism


You were on level 7 of the Dungeon.
You worshipped Okawaru.
Okawaru was aware of your devotion.
You visited 2 branches of the dungeon, and saw 6 of its levels.

You collected 176 gold pieces.


Innate Abilities, Weirdness & Mutations

You have a pair of horns on your head.
You reflexively headbutt those who attack you in melee.


   Skills:
 - Level 1.2 Fighting
 + Level 8.0 Polearms
 - Level 3.8 Ranged Weapons
 - Level 2.1 Dodging
 - Level 1.0 Spellcasting
 - Level 2.0 Hexes


You had 7 spell levels left.
You knew the following spells:

 Your Spells              Type           Power      Damage    Failure   Level
z - Slow                  Hex            36%        N/A       8%          1

Your spell library contained the following spells:

 Spells                   Type           Power      Damage    Failure   Level
 Confusing Touch          Hex            9%         N/A       22%         3
 Inner Flame              Hex/Fire       5%         N/A       34%         3
 Portal Projectile        Hex/Tloc       10%        N/A       34%         3
 Vampiric Draining        Necr           1%         2d6       45%         3
 Cause Fear               Hex            4%         N/A       58%         4
 Flame Wave               Conj/Fire      1%         2d4       86%         4
 Sticky Flame             Conj/Fire      1%         2d3       86%         4

Inventory:

Hand Weapons
 a - a +1 sling
 s - the +8 spear of Anguish (weapon) {speed, Int+2 Stlth+} Attacks with this weapon are significantly faster. Int: It affects your intelligence (+2). Stlth: It makes you more stealthy.
Missiles
 t - a throwing net {=f}
Armour
 c - a +0 robe
 u - the +1 robe of Masochism (worn) {rCorr Int+2 Dex-2 Slay+5}

   Int:       It affects your intelligence (+2).
   Dex:       It affects your dexterity (-2).
   Slay:      It affects your accuracy & damage with ranged weapons and melee
   (+5).
   rCorr:     It protects you from acid and corrosion.
 A - the +0 leather armour of Happiness {Str+5 Dex+7 Stlth-}

   Str:       It affects your strength (+5).
   Dex:       It affects your dexterity (+7).
   Stlth:     It makes you less stealthy.
Jewellery
 e - a +6 ring of intelligence (right hand)
 j - an amulet of reflection
 n - an amulet of regeneration (around neck)
 z - a ring of protection from fire (left hand)
Wands
 y - a wand of flame (17)
Scrolls
 b - a scroll of poison {!r}
 d - 6 scrolls of identify {unknown}
 f - a scroll of teleportation {unknown}
 g - 2 scrolls of immolation {unknown}
 h - a scroll of enchant weapon {unknown}
 i - a scroll of butterflies {unknown}
 k - a scroll of noise {unknown}
 l - 3 scrolls of blinking {unknown}
 m - a scroll of torment {unknown}
Potions
 o - a potion of flight {unknown}
 p - a potion of degeneration {unknown}
 q - 2 potions of heal wounds {unknown}
 r - a potion of might {unknown}
 v - 2 potions of haste {unknown}
 w - a potion of ambrosia {unknown}
 x - a potion of curing {unknown}

Dungeon Overview and Level Annotations

Branches:
Dungeon (7/15)             Temple (1/1) D:4

Altars:
Ashenzari
Cheibriados
Dithmenos
Elyvilon
Fedhas
Gozag
Hepliaklqana
Kikubaaqudgha
Makhleb
Nemelex Xobeh
Okawaru
Qazlal
Ru
Sif Muna
Trog
Uskayaw
Vehumet
Wu Jian
Xom
Yredelemnul
Zin
The Shining One

............ ..........
▒........ . ▒.......
..▒▒<..... .. .........
... ▒......)▒▒▒▒▒....
▒....?.)▒.▒.▒....
....▒..{YH.....▒ .
▒▒...J..<▒▒.▒ .▒▒
▒.......▒▒ ▒▒..▒.
.......▒▒.▒▒ .......
.....▒▒ ▒..▒ ▒▒......▒
......▒▒▒..▒▒▒........
▒▒.....................
..▒▒.....▒...........
.........▒▒....▒.....


You could see an ice beast and a jelly.


Message History

You closely miss the ice beast.
The ice beast is lightly wounded.
You closely miss the ice beast. You puncture the ice beast!
You headbutt the ice beast.
The ice beast is moderately wounded.
The ice beast hits you. The ice beast freezes you!
You hit the ice beast.
The ice beast is heavily wounded.
You hit the ice beast.
The ice beast is severely wounded.
The ice beast hits you. The ice beast freezes you!
* * * LOW HITPOINT WARNING * * *
The jelly completely misses you.
You barely miss the ice beast. Your headbutt misses the ice beast.
The ice beast is severely wounded.
You barely miss the ice beast.
The ice beast is severely wounded.
The jelly hits you.
* * * LOW HITPOINT WARNING * * *
You are splashed with acid.
You resist.
* * * LOW HITPOINT WARNING * * *
The ice beast hits you.
* * * LOW HITPOINT WARNING * * *
The ice beast freezes you!
You die...

Action                   |  1- 3 |  4- 6 |  7- 9 || total
-------------------------+-------+-------+-------++-------
Melee: Spear             |    14 |    98 |     9 ||   121
       Headbutt          |       |     9 |     1 ||    10
 Fire: Sling             |    40 |       |       ||    40
 Cast: Slow              |       |     1 |       ||     1
 Stab: Sleeping          |       |     8 |       ||     8
Armor: Robe              |     2 |     4 |       ||     6
Dodge: Dodged            |     7 |    15 |     1 ||    23

Levels and vault maps discovered:
D:1:      amcnicky_arrival_double_pillar, layout_basic,
          chequers_serial_rivers_micro_b
D:2:      layout_loops_ring, guppyfry_early_lair_pool, uniq_robin, uniq_terence
D:3:      layout_rooms, nicolae_overflow_hallway_of_the_gods, hex_medium,
          st_stairs_9
D:4:      layout_gridville, minmay_temple_entry_wispy,
          ebering_ghost_rock_garden, cheibrodos_gnoll_hut, uniq_pikel
D:7:      layout_cave_pools, hangedman_abyss_or_decor_jellyfish_corner,
          kennysheep_flooded_box, uniq_menkaure
Temple:   nicolae_temple_elliptical

Notes
Turn   | Place    | Note
-------+----------+-------------------------------------------
     0 | D:1      | sanka the Minotaur Hexslinger began the quest for the Orb.
     0 | D:1      | Reached XP level 1. HP: 16/16 MP: 1/1
   192 | D:1      | Reached skill level 3 in Ranged Weapons
   206 | D:1      | Reached XP level 2. HP: 23/23 MP: 2/2
   958 | D:2      | Identified the +8 spear of Anguish {speed, Int+2 Stlth+}
  1008 | D:2      | Reached skill level 1 in Polearms
  1008 | D:2      | Reached XP level 3. HP: 26/28 MP: 3/3
  1013 | D:2      | Reached skill level 2 in Polearms
  1023 | D:2      | Reached XP level 4. HP: 9/35 MP: 4/4
  1145 | D:2      | Reached skill level 3 in Polearms
  1145 | D:2      | Identified the +1 robe of Masochism {rCorr Int+2 Dex-2
                  | Slay+5}
  1336 | D:2      | Noticed Robin
  1347 | D:2      | Killed Robin
  1350 | D:2      | Reached skill level 4 in Polearms
  1454 | D:2      | Noticed Terence
  1460 | D:2      | Killed Terence
  1758 | D:3      | Reached XP level 5. HP: 40/40 MP: 5/5
  1826 | D:3      | Found a blossoming altar of Fedhas.
  1831 | D:3      | Found a glowing golden altar of the Shining One.
  1836 | D:3      | Found an ancient bone altar of Kikubaaqudgha.
  1839 | D:3      | Found a stormy altar of Qazlal.
  1841 | D:3      | Found a hazy altar of Hepliaklqana.
  1844 | D:3      | Reached skill level 5 in Polearms
  1853 | D:3      | Found a hide-covered altar of Uskayaw.
  2260 | D:4      | Reached skill level 6 in Polearms
  2260 | D:4      | Reached XP level 6. HP: 47/47 MP: 6/6
  2291 | D:4      | Found a staircase to the Ecumenical Temple.
  2291 | D:4      | Identified the +0 leather armour of Happiness {Str+5 Dex+7
                  | Stlth-}
  2306 | Temple   | Entered the Ecumenical Temple
  2442 | Temple   | Became a worshipper of Warmaster Okawaru
  2521 | D:7      | Noticed an orc warrior
  2539 | D:7      | Killed an orc warrior
  2540 | D:7      | Reached skill level 7 in Polearms
  2585 | D:7      | Noticed a water moccasin
  2592 | D:7      | Noticed an ice beast
  2597 | D:7      | Killed a water moccasin
  2597 | D:7      | Reached * piety under Okawaru
  2598 | D:7      | Reached skill level 8 in Polearms
  2598 | D:7      | Reached XP level 7. HP: 51/52 MP: 7/7
  2607 | D:7      | Slain by an ice beast

Vanquished Creatures
  A water moccasin (D:7)
  An orc warrior (D:7)
  A scorpion (D:4)
  2 orc wizards
  Terence (D:2)
  Robin (D:2)
  4 gnolls (D:2)
  5 adders
  A shadow imp (D:7)
  2 worms
  5 dart slugs
  10 orcs
  6 ball pythons
  4 endoplasms
  A giant cockroach (D:3)
  11 goblins
  7 hobgoblins
  5 jackals (D:3)
  4 kobolds
  A quokka (D:4)
  A frilled lizard (D:2)
  6 rats
80 creatures vanquished.
